 Dungeon Crawl Stone Soup version 0.28-a0-861-ge64d6db94f (webtiles) character file.

Game seed: 11514468180119820454

7856 vurker the Zephyrmancer (level 11, -2/67 HPs)
             Began as a Tengu Air Elementalist on Nov 15, 2021.
             Was a Believer of Vehumet.
             Slain by a killer bee (10 damage)
             ... on level 10 of the Dungeon.
             The game lasted 00:15:17 (13374 turns).

vurker the Zephyrmancer (Tengu Air Elementalist)   Turns: 13374, Time: 00:15:18

Health: -2/67      AC:  7    Str:  8    XL:     11   Next: 21%
Magic:  20/25      EV: 13    Int: 19    God:    Vehumet [**....]
Gold:   657        SH:  0    Dex: 15    Spells: 24/29 levels left

rFire   . . .      SeeInvis .   c - +1 short sword
rCold   . . .      Faith    .   (no shield)
rNeg    . . .      Spirit   .   r - +0 acid dragon scales
rPois   .          Reflect  .   (helmet restricted)
rElec   .          Harm     .   p - +0 cloak
rCorr   +          Rampage  .   (no gloves)
Will    .....                   (boots unavailable)
Stlth   ++........              q - amulet of regeneration
HPRegen 1.21/turn               (no ring)
MPRegen 0.19/turn               (no ring)

@: about to teleport, flying quickly and evasively, quick
A: beak, talons 3, nimble flight
a: Renounce Religion


You were on level 10 of the Dungeon.
You worshipped Vehumet.
Vehumet was pleased with you.
You visited 2 branches of the dungeon, and saw 11 of its levels.

You collected 657 gold pieces.

Inventory:

Hand Weapons
 c - a +1 short sword (weapon)
   (You took it off a kobold on level 1 of the Dungeon)
Armour
 p - a +0 cloak (worn)
   (You found it on level 7 of the Dungeon)
 r - +0 acid dragon scales (worn)
   (You found it on level 8 of the Dungeon)
Jewellery
 l - a ring of fire
   (You found it on level 5 of the Dungeon)
 q - an amulet of regeneration (around neck)
   (You found it on level 8 of the Dungeon)
Wands
 d - a wand of iceblast (6)
   (You found it on level 9 of the Dungeon)
 i - a wand of mindburst (6)
   (You found it on level 8 of the Dungeon)
 t - a wand of flame (18)
   (You found it on level 9 of the Dungeon)
 u - a wand of paralysis (1)
   (You found it on level 4 of the Dungeon)
 v - a wand of polymorph (13)
   (You found it on level 9 of the Dungeon)
Scrolls
 b - 2 scrolls of teleportation
 n - a scroll of amnesia
 o - 3 scrolls of identify
 s - 2 scrolls of enchant weapon
Potions
 a - 2 potions of brilliance {unknown}
 e - 3 potions of heal wounds
 f - 2 potions of haste
 g - a potion of mutation
 h - a potion of invisibility {unknown}
 j - 5 potions of curing
 k - a potion of berserk rage {unknown}
 m - a potion of flight {unknown}


   Skills:
 + Level 7.3 Fighting
 - Level 2.1 Dodging
 - Level 2.0 Stealth
 * Level 9.9 Spellcasting
 - Level 5.0 Conjurations
 * Level 14.1 Air Magic


You had 24 spell levels left.
You knew the following spells:

 Your Spells              Type           Power      Damage    Failure   Level
a - Shock                 Conj/Air       100%       1d9       1%          1
c - Airstrike             Air            29%        N/A       1%          4

Your spell library contained the following spells:

 Spells                   Type           Power      Damage    Failure   Level
 Searing Ray              Conj           56%        2d6       2%          2
 Poisonous Vapours        Pois/Air       72%        N/A       1%          2
 Static Discharge         Conj/Air       45%        N/A       1%          2
 Swiftness                Air            58%        N/A       1%          3
 Sting                    Tmut/Pois      36%        1d4       14%         1
 Dazzling Flash           Conj/Hex       36%        N/A       14%         3
 Passwall                 Tmut/Erth      7%         N/A       21%         2
 Sublimation of Blood     Necr           9%         N/A       21%         2
 Wereblood                Tmut           9%         N/A       21%         2
 Silence                  Hex/Air        18%        N/A       21%         5
 Frozen Ramparts          Ice            18%        1d3       38%         3
 Gell's Gravitas          Tloc           9%         N/A       38%         3
 Lesser Beckoning         Tloc           9%         N/A       38%         3
 Teleport Other           Tloc           9%         N/A       38%         3
 Ice Form                 Ice/Tmut       9%         N/A       80%         4
 Passage of Golubria      Tloc           9%         N/A       80%         4
 Petrify                  Tmut/Erth      9%         N/A       80%         4
 Summon Ice Beast         Ice/Summ       9%         N/A       80%         4
 Irradiate                Conj/Tmut      9%         3d16      80%         5
 Agony                    Necr           9%         N/A       98%         5
 Summon Hydra             Summ           4%         N/A       100%        7


Dungeon Overview and Level Annotations

Branches:
Dungeon (10/15)            Temple (1/1) D:5            Lair (0/6) D:9
    Orc: D:9-12

Altars:
Ashenzari
Cheibriados
Dithmenos
Elyvilon
Fedhas
Gozag
Hepliaklqana
Kikubaaqudgha
Makhleb
Nemelex Xobeh
Okawaru
Qazlal
Ru
Sif Muna
Trog
Uskayaw
Vehumet
Wu Jian
Xom
Yredelemnul
Zin
The Shining One

Shops:
D:6 [

Annotations:
D:10 Psyche


Innate Abilities, Weirdness & Mutations

You have a beak for a mouth.
You have claws for feet.
Your magical nature lets you fly swiftly and evasively.


Message History

The killer bee stings you but does no damage.
You hear an angry buzzing noise. x2
Aim: a killer bee (almost dead, berserk, 48% to hit)
The zap hits the killer bee.
You kill the killer bee!
Vehumet accepts your kill.
You feel your power returning.
The zap misses the killer bee.
The zap hits the killer bee!
You kill the killer bee!
Vehumet accepts your kill.
You feel your power returning.
You feel very sick.
You hear an angry buzzing noise.
The killer bee barely misses you. x2
The queen bee calls on the killer bee to defend it!
The killer bee goes berserk!
The killer bee stings you but does no damage.
The killer bee misses you.
You hear an angry buzzing noise.
As you read the scroll of teleportation, it crumbles to dust.
You feel strangely unstable.
You feel very sick. The killer bee misses you.
The killer bee barely misses you. The killer bee stings you!
* * * LOW HITPOINT WARNING * * *
The killer bee misses you.
The queen bee calls on the killer bee to defend it!
The killer bee goes berserk!
The killer bee barely misses you.
Aim: a killer bee (severely wounded, berserk, 48% to hit)
The zap hits the killer bee.
The zap misses the killer bee.
The zap hits the killer bee.
You feel sick. The killer bee closely misses you. The killer bee stings you.
* * * LOW HITPOINT WARNING * * *
The killer bee stings you.
* * * LOW HITPOINT WARNING * * *
The killer bee rages.
The killer bee stings you!
* * * LOW HITPOINT WARNING * * *
The killer bee stings you.
* * * LOW HITPOINT WARNING * * *
You are more poisoned.
The killer bee poisons you!
The killer bee rages.
You hear an angry buzzing noise.
Okay, then.
You feel better. The killer bee barely misses you. The killer bee stings you.
* * * LOW HITPOINT WARNING * * *
The killer bee stings you but does no damage. x2
The killer bee stings you!
You die...

### ##.(..................
#..###..#.............<....
##.......#.........#........
#..................##.......
##.#>....##.......###......
#......###................
##.....####......#........
#####.)......##yy....#.#......
##..##........@yyy..## ..##..
#.............y#yyy.# .# ##.
#####.##.........##yy.# ...
.###...#....###..###yy......
... .............#..##
#.#...... . .............##.#
†.#...... ...#............#
y.# ..... ...#........#...#


yyy# ..... ...##.......##..# yyy# .... You could see a queen bee and 12 killer
bees.

Vanquished Creatures
  2 two-headed ogres
  A deep elf pyromancer (D:7)
  Joseph (D:9)
  Maggie (D:8)
  A troll (D:9)
  Grinder (D:6)
  A hornet (D:9)
  Prince Ribbit (D:6)
  A shadow (D:6)
  A vampire (D:9)
  2 wyverns
  Eustachio (D:6)
  An acid dragon (D:8)
  A water moccasin (D:4)
  2 orc warriors
  A sky beast (D:7)
  An ice beast (D:6)
  2 necrophages
  2 ogres
  2 phantoms
  6 centaurs
  A kobold brigand (D:9)
  2 bullfrogs
  2 gnoll sergeants
  4 scorpions
  10 killer bees
  2 howler monkeys
  10 wights
  5 hounds
  A jelly (D:5)
  2 orc priests (D:9)
  A bullfrog skeleton (D:7)
  Jessica (D:2)
  4 iguanas
  An orc wizard (D:4)
  Natasha (thrice) (D:2)
  A killer bee zombie (D:7)
  2 hound skeletons
  A howler monkey zombie (D:6)
  30 gnolls
  3 adders
  A shadow imp (D:6)
  2 white imps
  2 ufetubi
  A worm (D:5)
  39 orcs
  5 endoplasms
  A giant cockroach (D:2)
  9 goblins
  7 hobgoblins
  14 jackals
  13 kobolds
  4 bats (D:2)
  7 frilled lizards
  5 rats
228 creatures vanquished.

Vanquished Creatures (others)
  5 fungi (D:9)
  7 plants
12 creatures vanquished.

Grand Total: 240 creatures vanquished

Notes
Turn   | Place    | Note
-------+----------+-------------------------------------------
     0 | D:1      | vurker the Tengu Air Elementalist began the quest for the
                  | Orb.
     0 | D:1      | Reached XP level 1. HP: 10/10 MP: 4/4
   315 | D:1      | Found a faded altar of an unknown god.
   320 | D:1      | Reached XP level 2. HP: 15/15 MP: 4/6
  1255 | D:2      | Noticed Jessica
  1268 | D:2      | Killed Jessica
  1269 | D:2      | Reached skill level 1 in Fighting
  1269 | D:2      | Reached XP level 3. HP: 20/20 MP: 0/7
  1658 | D:2      | Reached XP level 4. HP: 25/25 MP: 0/9
  1821 | D:2      | Noticed Natasha
  1829 | D:2      | Killed Natasha
  1830 | D:2      | Reached skill level 5 in Air Magic
  1857 | D:2      | Noticed Natasha
  1860 | D:2      | Killed Natasha
  2032 | D:2      | Noticed Natasha
  2038 | D:2      | Killed Natasha
  2039 | D:2      | Gained mutation: Your magical nature lets you fly swiftly
                  | and evasively. [Tengu growth]
  2039 | D:2      | Reached XP level 5. HP: 30/30 MP: 5/10
  3166 | D:3      | Reached skill level 6 in Air Magic
  3166 | D:3      | Reached XP level 6. HP: 35/35 MP: 5/12
  3171 | D:3      | Learned a level 4 spell: Airstrike
  4242 | D:4      | Reached XP level 7. HP: 33/40 MP: 0/14
  4405 | D:4      | Reached skill level 7 in Air Magic
  5207 | D:4      | Reached XP level 8. HP: 14/46 MP: 2/16
  5249 | D:4      | Reached skill level 5 in Spellcasting
  5487 | D:4      | Reached skill level 8 in Air Magic
  5544 | D:4      | Reached skill level 5 in Conjurations
  6348 | D:5      | Entered Level 5 of the Dungeon
  6371 | D:5      | Found a staircase to the Ecumenical Temple.
  6402 | Temple   | Entered the Ecumenical Temple
  6601 | Temple   | Became a worshipper of Vehumet
  6925 | D:5      | Noticed a two-headed ogre
  6972 | D:5      | Killed a two-headed ogre
  6973 | D:5      | Reached skill level 10 in Air Magic
  6973 | D:5      | Reached XP level 9. HP: 52/52 MP: 2/20
  7255 | D:5      | You are sucked into a shaft and drop 3 floors!
  7650 | D:7      | Reached skill level 5 in Fighting
  7743 | D:7      | Noticed a deep elf pyromancer
  7748 | D:7      | Killed a deep elf pyromancer
  7749 | D:7      | Reached skill level 11 in Air Magic
  7933 | D:6      | Noticed Grinder
  7936 | D:6      | Killed Grinder
  8405 | D:6      | Noticed Eustachio
  8513 | D:6      | Reached XP level 10. HP: 60/60 MP: 13/22
  8578 | D:6      | Reached * piety under Vehumet
  8578 | D:6      | Offered knowledge of Foxfire by Vehumet.
  8829 | D:6      | Killed Eustachio
  9056 | D:6      | Reached skill level 12 in Air Magic
  9099 | D:6      | Found Coazak's Antique Armour Emporium.
  9702 | D:6      | Noticed Prince Ribbit
  9705 | D:6      | Killed Prince Ribbit
 10455 | D:7      | HP: 2/58 [wight (15)]
 10981 | D:8      | Found a snail-covered altar of Cheibriados.
 11004 | D:8      | Noticed Maggie
 11004 | D:8      | Noticed a two-headed ogre
 11359 | D:8      | Killed a two-headed ogre
 11360 | D:8      | Reached skill level 13 in Air Magic
 11637 | D:8      | Identified the +2 ring mail of Gravity {rN+}
 11664 | D:8      | Killed Maggie
 11960 | D:9      | Got Ylank's Papyrus of Toxic Dislocation
 11971 | D:9      | Found a staircase to the Lair.
 12082 | D:9      | Offered knowledge of Searing Ray by Vehumet.
 12086 | D:9      | Noticed a boulder beetle
 12087 | D:9      | Reached XP level 11. HP: 41/67 MP: 4/25
 12087 | D:9      | Reached ** piety under Vehumet
 12305 | D:9      | Noticed Joseph
 12311 | D:9      | Killed Joseph
 12638 | D:9      | Reached skill level 14 in Air Magic
 13080 | D:10     | Entered Level 10 of the Dungeon
 13234 | D:10     | Noticed Psyche
 13373 | D:10     | HP: 1/67 [killer bee (6)]
 13374 | D:10     | Slain by a killer bee

Illustrated notes

Levels and vault maps discovered:
D:1:      matt_arrival_debris, layout_basic, ebering_ecumenical_altar_ruins,
          serial_corexii_hall, corexii_hall_statues_deadend,
          corexii_hall_statues_i
D:2:      layout_loops_ring, uniq_jessica, uniq_natasha
D:3:      layout_basic, kennysheep_potato
D:4:      lemuel_castle_with_subvaults [lemuel_castle_interior_original],
          layout_cave_pools
D:5:      layout_rooms, temple_pool_b, hangedman_decor_opposing
D:6:      layout_basic, serial_shops, shop_statue,
          chequers_serial_rivers_room_b, uniq_prince_ribbit1, uniq_eustachio,
          uniq_grinder
D:7:      layout_rooms
D:8:      layout_basic, lemuel_doored_altar, uniq_maggie
D:9:      layout_long_grid, dpeg_oklobed_lair, minivault_1,
          kennysheep_small_spiral, uniq_joseph
D:10:     layout_cave_pools, minmay_orc_entry_temple_small, special_room
          [special_room_bee], uniq_psyche
Temple:   kilobyte_greek_temple

Skill      XL: |  1  2  3  4  5  6  7  8  9 10 11 |
---------------+----------------------------------+-----
Fighting       | 1 2 3 4 5 7 |  7.3
Conjurations   | 2 3 4 5 |  5.0
Air Magic      | 5 6 7 10 11 13 14 | 14.1
Spellcasting   | 3 4 6 7 9 |  9.9
Dodging        | |  2.1
Stealth        | |  2.0

Action                   |  1- 3 |  4- 6 |  7- 9 | 10-12 || total
-------------------------+-------+-------+-------+-------++-------
Melee: Short sword       |     1 |     6 |     5 |     5 ||    17
       Kick              |       |     2 |     2 |     1 ||     5
       Peck              |       |     1 |     1 |     3 ||     5
 Cast: Shock             |    61 |   117 |   146 |    42 ||   366
       Airstrike         |       |     3 |    70 |   129 ||   202
Evoke: Wand              |       |       |     1 |    14 ||    15
  Use: Scroll            |       |     8 |     2 |    10 ||    20
       Potion            |       |       |     1 |     1 ||     2
 Stab: Paralysed         |       |       |     4 |       ||     4
Armor: Robe              |     3 |     5 |     4 |       ||    12
       Acid dragon scale |       |       |       |    19 ||    19
Dodge: Dodged            |     5 |    15 |    34 |    80 ||   134
Block: Other             |       |     3 |     8 |     5 ||    16

Table legend: (Time is in decaauts)
 A = Elapsed time spent in this place.
 B = Non-inter-level travel time spent in this place.
 C = Inter-level travel time spent in this place.
 D = Time resting spent in this place.
 E = Time spent auto-exploring this place.
 F = Levels seen in this place.
 G = Mean time per level.
                   A        B        C        D        E       F      G
               +--------+--------+--------+--------+--------+-----+--------+
         Total |  12974 |  12682 |    292 |   1003 |  10064 |  11 | 1179.5 |
       Dungeon |  12754 |  12497 |    257 |   1003 |   9892 |  10 | 1275.4 |
        Temple |    220 |    185 |     35 |      0 |    172 |   1 |  220.0 |
               +--------+--------+--------+--------+--------+-----+--------+

Top non-repeatable levels by time:
     D:4: 2413 daAuts
     D:7: 1505 daAuts
     D:3: 1440 daAuts
     D:8: 1279 daAuts
     D:1: 1252 daAuts
     D:5: 1219 daAuts
     D:6: 1214 daAuts
     D:2: 1166 daAuts
     D:9: 979 daAuts
    D:10: 282 daAuts
  Temple: 220 daAuts
